 Dungeon Crawl Stone Soup version 0.31.0-9-g3a7656b989 (webtiles) character file.

Game seed: 14574295437920337818

52 qw the Shooter (level 3, -3/18 HPs)
             Began as a Spriggan Hunter on Feb 2, 2024.
             Slain by Terence
             ... wielding a +0 hand axe
              (8 damage)
             ... on level 2 of the Dungeon.
             The game lasted 00:00:03 (860 turns).

qw the Shooter (Spriggan Hunter)                     Turns: 860, Time: 00:00:04

Health: -3/18      AC:  2    Str:  7    XL:     3   Next: 60%
Magic:  4/4        EV: 19    Int: 10    God:
Gold:   63         SH:  0    Dex: 20    Spells: 2/2 levels left

rFire   . . .        a - +0 shortbow
rCold   . . .        (shield currently unavailable)
rNeg    . . .        c - +0 robe
rPois   .            (helmet restricted)
rElec   .            (no cloak)
rCorr   .            (gloves unavailable)
SInv    +            (boots unavailable)
Will    .....        (no amulet)
Stlth   ++           (no ring)
HPRegen 0.23/turn    (no ring)
MPRegen 0.09/turn

%: no passive effects
@: very quick
A: very small, no large weapons, unfitting armour, see invisible, speed 3
a: no special abilities


You were on level 2 of the Dungeon.
You visited 1 branch of the dungeon, and saw 2 of its levels.

You collected 63 gold pieces.


Innate Abilities, Weirdness & Mutations

You are very small and have problems with some larger weapons.
You are too small for most types of armour.
You have supernaturally acute eyesight. (SInv)
You cover ground extremely quickly. (Speed+++)


   Skills:
 - Level 1.5 Fighting
 + Level 4.8 Ranged Weapons
 - Level 4.0 Dodging
 - Level 1.5 Stealth


You had 2 spell levels left.
You didn't know any spells.
Your spell library was empty.

Inventory:

Hand Weapons
 a - a +0 shortbow (weapon)
Armour
 c - a +0 robe (worn)
Jewellery
 f - a ring of magical power
Wands
 e - a wand of mindburst (3)
Scrolls
 b - 2 scrolls of enchant armour
 g - a scroll of identify {unknown}
Potions
 d - a potion of curing {unknown}

Dungeon Overview and Level Annotations

Branches:
Dungeon (2/15)

Altars:

Annotations:
D:2 Terence


Message History

Found a stone staircase leading down.
You see here the +6 dagger of Jaipt {antimagic, rC+ rN+ Str+3}.
Terence the Incautious comes into view.
He is wielding a +0 hand axe.
You shoot an arrow.
The arrow hits Terence but does no damage.
Terence shouts!
You shoot an arrow. The arrow closely misses Terence.
A quokka comes into view.
You shoot an arrow. The arrow hits the quokka.
The quokka is severely wounded.
You shoot an arrow. The arrow barely misses Terence.
You shoot an arrow. The arrow hits Terence!
Terence is heavily wounded.
You shoot an arrow. The arrow closely misses Terence.
The arrow closely misses the quokka.
Terence closely misses you.
You shoot an arrow. The arrow closely misses the quokka.
The quokka closely misses you. Terence misses you.
You shoot an arrow. The arrow closely misses the quokka.
The quokka closely misses you. Terence closely misses you.
The quokka completely misses you.
You shoot an arrow. The arrow hits the quokka.
You kill the quokka!
Terence hits you with a +0 hand axe.
You shoot an arrow.
The arrow hits Terence but does no damage.
Terence is moderately wounded.
Terence misses you. Terence closely misses you.
You shoot an arrow. The arrow closely misses Terence.
Terence completely misses you.
You shoot an arrow. The arrow barely misses Terence.
Terence hits you with a +0 hand axe.
You shoot an arrow. The arrow barely misses Terence.
Terence closely misses you.
You shoot an arrow. The arrow closely misses Terence.
Terence closely misses you.
You shoot an arrow. The arrow completely misses Terence.
Terence hits you with a +0 hand axe! x2
You die...
Terence says, "Rest in peace."

..# .. ## ..## .
.. ...## .
....#.# #.
.#...#
#.##...#####
####...@.......
.......@..#
#######...## #
#....#
#.#.########...#
...............#
....#...####..)#
..##.###.###...#
.. #)......# .
#.###.###.#.>.


You could see Terence.

Vanquished Creatures
  An adder (D:2)
  2 dart slugs
  3 endoplasms
  3 goblins (D:1)
  3 hobgoblins
  3 jackals (D:1)
  8 kobolds (D:1)
  2 quokkas (D:2)
  3 ball pythons (D:1)
  2 bats (D:1)
  A frilled lizard (D:1)
  5 rats
36 creatures vanquished.

Notes
Turn   | Place    | Note
-------+----------+-------------------------------------------
     0 | D:1      | qw the Spriggan Hunter began the quest for the Orb.
     0 | D:1      | Reached XP level 1. HP: 10/10 MP: 2/2
     0 | D:1      | 0 ||| qw: Version: 0.3-a-155-g5e7d8dd
     0 | D:1      | 0 ||| qw: Game counter: 2708
     0 | D:1      | 0 ||| qw: Melee chars always use a shield: true
     0 | D:1      | 0 ||| qw: God list: Okawaru
     0 | D:1      | 0 ||| qw: Allow faded altars: false
     0 | D:1      | 0 ||| qw: Do Orc after clearing Dungeon:15 true
     0 | D:1      | 0 ||| qw: Do second Lair branch before Depths: true
     0 | D:1      | 0 ||| qw: Lair rune preference: random
     0 | D:1      | 0 ||| qw: Goals: Normal
     0 | D:1      | 0 ||| PLANNING D:1-11
    31 | D:1      | Reached skill level 3 in Dodging
   124 | D:1      | Reached XP level 2. HP: 14/14 MP: 3/3
   308 | D:1      | Reached XP level 3. HP: 18/18 MP: 4/4
   553 | D:1      | 553 ||| READING 2 scrolls labelled YXERCH XIACU.
   554 | D:1      | 554 ||| READING 2 scrolls labelled GASOHA SILATOF.
   555 | D:1      | 555 ||| READING scroll labelled KEOPHA CIDO.
   556 | D:1      | 556 ||| READING scroll labelled GIMOSA PUARIUR.
   556 | D:1      | 556 ||| ENCHANTING +0 shortbow.
   557 | D:1      | 557 ||| READING 2 scrolls labelled DIGOMUO FUCWI.
   658 | D:1      | 658 ||| DROPPING scroll of butterflies.
   659 | D:1      | 659 ||| DROPPING scroll of fear.
   660 | D:1      | 660 ||| DROPPING scroll of revelation.
   661 | D:1      | 661 ||| DROPPING scroll of vulnerability.
   834 | D:2      | Identified the +6 dagger of Jaipt {antimagic, rC+ rN+
                  | Str+3}
   845 | D:2      | Noticed Terence
   860 | D:2      | Slain by Terence

Levels and vault maps discovered:
D:1:      lightli_arrival_maybe_door_vault, layout_rooms, nrook_uturn,
          minmay_misc_feat_alley
D:2:      layout_loops_ring, chequers_ecumenical_altar_simple, st_stairs_2,
          minmay_misc_feat_room, uniq_terence, uniq_jessica

Skill      XL: |  1  2 |
---------------+-------+-----
Dodging        | 3 4 |  4.0
Fighting       | |  1.5
Ranged Weapons | |  4.8
Stealth        | |  1.5

Action                     || total
---------------------------++-------
   Fire: Shortbow          ||   106
    Use: Scroll            ||     5
 Armour: Robe              ||    12
  Dodge: Dodged            ||    36

Table legend:
 A = Non-vault XP
 B = Vault XP
 C = Vault XP percentage of total XP
 D = Non-vault monster count
 E = Vault monster count
 F = Vault count percentage of total count
                 A         B        C        D         E       F
            +---------+---------+-------+---------+---------+-------
      Total |      57 |      18 |  24.0 |      33 |       3 |   8.3
            +---------+---------+-------+---------+---------+-------
        D:1 |      48 |       0 |   0.0 |      28 |       0 |   0.0
        D:2 |       9 |      18 |  66.7 |       5 |       3 |  37.5
            +---------+---------+-------+---------+---------+-------
